 Dungeon Crawl Stone Soup version 0.28-a0-1356-g2ad6d04315 (webtiles) character file.

Game seed: 9560499811630114010

35434 Amythir the Spear-Bearer (level 13, -1/178 HPs)
             Began as a Hill Orc Berserker on Dec 30, 2021.
             Was an Elder of Trog.
             Slain by a snapping turtle (3 damage)
             ... on level 2 of the Shoals.
             The game lasted 02:30:20 (16359 turns).

Amythir the Spear-Bearer (Hill Orc Berserker)      Turns: 16359, Time: 02:30:21

Health: -1/178     AC: 26    Str: 25    XL:     13   Next: 83%
Magic:  13/13      EV:  2    Int:  7    God:    Trog [****..]
Gold:   550        SH:  7    Dex: 10    Spells: 12/12 levels left

rFire   . . .      SeeInvis .   C - +8 spear (vamp)
rCold   . . .      Faith    .   o - +0 buckler
rNeg    . . .      Spirit   .   (armour currently unavailable)
rPois   +          Reflect  .   (helmet currently unavailable)
rElec   .          Harm     .   (cloak currently unavailable)
rCorr   .          Rampage  .   (gloves currently unavailable)
Will    +....      NoTele   +   (boots currently unavailable)
Stlth   +.........              z - amulet of regeneration
HPRegen 1.19/turn               K - ring of poison resistance
MPRegen 0.13/turn               y - ring of willpower

@: mighty, tree-form, on berserk cooldown, slowed, studying Shields, very slow
A: stationary, stasis, torment immunity, boosted hp
a: Renounce Religion, Berserk, Trog's Hand, Brothers in Arms


You were on level 2 of the Shoals.
You worshipped Trog.
Trog was greatly pleased with you.
You were a tree.
You visited 3 branches of the dungeon, and saw 13 of its levels.

You collected 745 gold pieces.
You spent 195 gold pieces at shops.

Inventory:

Hand Weapons
 a - a +1 hand axe
 k - a +0 hunting sling of freezing
 q - a +3 flail of holy wrath
 r - a +0 vorpal spear
 t - a +3 quarterstaff of chaos
 C - a +8 vampiric spear (weapon)
 I - a +0 war axe
 L - a +2 scimitar of flaming
Missiles
 c - 37 poisoned darts (quivered)
 e - 182 sling bullets
 u - 4 silver javelins
 v - 5 javelins
Armour
 b - a +1 ring mail
 j - a +0 cloak (melded)
 o - a +0 buckler (worn)
 s - a +1 helmet (melded)
 w - a scarf of resistance
 A - a scarf of invisibility
 D - the +1 kite shield of Bitterness {Dex+6 Stlth+}
   (You took it off a gnoll sergeant on level 6 of the Dungeon)

   Dex:       It affects your dexterity (+6).
   Stlth:     It makes you more stealthy.
 H - +0 shadow dragon scales (melded)
 J - the +3 ring mail of Objectivity {rElec Str-2 Int+6}
   (You took it off a gnoll sergeant on level 6 of the Dungeon)

   Str:       It affects your strength (-2).
   Int:       It affects your intelligence (+6).
   rElec:     It insulates you from electricity.
 O - a +0 pair of gloves (melded)
Jewellery
 y - a ring of willpower (right branch)
 z - an amulet of regeneration (around neck)
 G - an amulet of magic regeneration
 K - a ring of poison resistance (left branch)
 P - an amulet of reflection
 W - a ring of positive energy
 X - a +6 ring of dexterity
Wands
 f - a wand of paralysis (4)
 B - a wand of polymorph (10)
 T - a wand of mindburst (7)
 V - a wand of flame (12)
Scrolls
 p - 7 scrolls of teleportation
 F - 3 scrolls of noise
 M - 2 scrolls of identify
 S - 2 scrolls of fog
Potions
 d - 2 potions of attraction {unknown}
 g - a potion of invisibility {unknown}
 l - 2 potions of lignification
 n - 2 potions of might
 x - 5 potions of brilliance
 N - 2 potions of berserk rage {unknown}
 Q - a potion of ambrosia
 R - 2 potions of flight {unknown}
 Y - a potion of degeneration {unknown}


   Skills:
 + Level 12.9 Fighting
 - Level 5.3(13.6) Axes
 - Level 8.6(9.1) Maces & Flails
 + Level 14.2(14.5) Polearms
 - Level 1.1(2.9) Slings
 - Level 4.2(4.3) Throwing
 + Level 11.2 Armour
 - Level 2.3 Dodging
 + Level 12.7 Shields


You had 12 spell levels left.
You didn't know any spells.
Your spell library contained the following spells:

 Spells                   Type           Power      Damage    Failure   Level
 Ensorcelled Hibernation  Hex/Ice        0%         N/A       56%         2
 Spider Form              Tmut/Pois      0%         N/A       80%         3


Dungeon Overview and Level Annotations

Branches:
Dungeon (9/15)             Temple (0/1) D:6            Lair (2/6) D:9
 Shoals (2/4) Lair:2
  Swamp: Lair:2-4     Snake: Lair:2-4    Spider: Lair:2-4       Orc: D:9-12

Altars:
Okawaru

Shops:
D:7 ?!*!(   D:9 :


Message History

Your snapping turtle bites the merfolk!!
The merfolk hits your snapping turtle with a +0 trident.
Fire: 183 sling bullets
Press: ? - help, Shift-Dir - straight line, f/p - merfolk
Aim: a merfolk, wielding a +0 trident (severely wounded, weak-willed, ally target, 58% to hit)
Really fire in your snapping turtle's direction?
Uppercase [Y]es or [N]o only, please.
Really fire in your snapping turtle's direction?
You shoot a sling bullet.
The sling bullet hits your snapping turtle.
Your snapping turtle seems to slow down.
The sling bullet freezes your snapping turtle.
The snapping turtle is no longer charmed.
The snapping turtle is moderately wounded.
The merfolk hits you but does no damage.
The snapping turtle bites you but does no damage.
Your +0 hunting sling of freezing stops glowing.
You feel a sense of dread.
C - a +8 vampiric spear (weapon)
You feel your willpower return.
The snapping turtle is no longer moving slowly.
The merfolk hits you from afar with a +0 trident.
* * * LOW HITPOINT WARNING * * *
The snapping turtle bites you but does no damage.
Throw: 37 darts (poison)
Press: ? - help, Q - select action, (/) - cycle Shift-Dir - straight line, p - merfolk You can't see that place. [some shallow water.]
Okay, then.
You cannot teleport because you are held in place by your roots.
You feel better.
The merfolk hits you from afar with a +0 trident.
* * * LOW HITPOINT WARNING * * *
You block the snapping turtle's attack. You block the merfolk's attack.
As you read the scroll of identify, it crumbles to dust.
Q - a potion of ambrosia The snapping turtle bites you!
* * * LOW HITPOINT WARNING * * *
You block the merfolk's attack. The snapping turtle bites you.
You die...

.......≈≈≈≈.......≈≈≈≈≈≈≈≈≈≈≈≈
.......≈≈......##..>≈≈≈≈≈≈≈≈≈≈
.......≈...^..###...≈≈≈≈≈≈≈≈≈
#...≈≈.....#......≈≈≈≈≈≈≈≈≈≈
##..≈≈...##...<...≈≈≈≈≈≈≈≈≈≈
##...≈≈..###....≈≈≈≈≈≈≈≈≈≈≈≈≈
#....≈≈..# ##...≈≈≈≈≈...≈≈≈≈≈
##...≈≈≈.####..≈≈≈≈≈.##.≈≈≈≈≈
#...≈≈≈..mt♣†≈≈≈≈≈≈≈###≈≈≈≈≈
##..≈≈≈..≈.†)≈.≈≈≈≈≈≈≈≈≈≈≈≈≈
#≈≈.....≈≈.)≈..÷≈≈≈≈≈≈≈≈≈≈≈
#≈≈.....≈≈≈≈...≈≈..≈≈≈≈≈≈≈≈
#≈......≈≈≈≈^.......≈)≈≈≈≈≈
≈≈....?≈.###(..≈≈≈.........≈≈≈≈≈≈
....>.≈..# ##....≈..###...≈≈≈≈≈≈≈
.......E## #....≈≈≈.####.≈≈≈≈≈≈≈
..##..H≈. ....≈≈≈≈.≈###.≈≈≈≈≈≈≈


You could see a snapping turtle and a merfolk.

Vanquished Creatures
  Aizul (Shoals:1)
  A merfolk javelineer (Shoals:2)
  Erica (Lair:1)
  2 hydras
  A centaur warrior (Shoals:1)
  A merfolk aquamancer (Shoals:2)
  The ghost of Urgle the Shield-Bearer, a novice GnFi (D:6)
  A sea snake (Shoals:2)
  The ghost of Adrian566 the Cudgeller, a novice TrFi of Gozag (D:7)
  5 bog bodies (Shoals:1)
  7 harpies (Shoals:1)
  4 manticores
  4 fauns
  3 elephants (Lair:2)
  Joseph (D:8)
  2 merfolk sirens
  A water nymph (Shoals:2)
  8 cane toads
  4 komodo dragons (Lair:2)
  Psyche (D:8)
  2 trolls (D:8)
  4 merfolk
  A polar bear (Lair:2)
  A hornet (D:7)
  14 blink frogs
  A wind drake (Shoals:1)
  2 water elementals (Shoals:2)
  A shadow (D:9)
  2 wyverns
  5 basilisks
  5 water moccasins
  2 orc warriors
  An ice beast (D:8)
  A black bear (D:7)
  3 ogres
  3 centaurs
  5 wolves (Lair:1)
  3 kobold brigands
  The ghost of croobank the Sneak, an amateur OpEE (D:3)
  4 bullfrogs
  3 gnoll sergeants
  A water moccasin zombie (D:3)
  A scorpion (D:5)
  A water moccasin skeleton (D:5)
  7 killer bees
  2 howler monkeys (D:9)
  2 wights (D:8)
  2 bullfrog zombies
  3 centaur zombies
  2 hounds
  Crazy Yiuf (D:3)
  A bullfrog skeleton (D:3)
  4 orc priests
  A gnoll shaman (D:6)
  3 iguanas
  Ijyb (D:3)
  6 orc wizards
  A killer bee zombie (D:6)
  A hound skeleton (D:2)
  A howler monkey zombie (D:8)
  Robin (D:3)
  16 gnolls
  7 adders
  An ufetubus (D:6)
  2 worms (D:3)
  5 dart slugs
  18 orcs
  7 ball pythons
  6 endoplasms
  4 giant cockroaches
  18 goblins
  8 hobgoblins
  3 quokkas
  4 bats
  2 frilled lizards
  24 kobolds
  4 rats
285 creatures vanquished.

Vanquished Creatures (collateral kills)
  A hydra (Lair:1)
  A merfolk avatar (Shoals:1)
  2 two-headed ogres
  Nergalle (Lair:1)
  A harpy (Shoals:1)
  A merfolk siren (Shoals:1)
  A wind drake (Lair:2)
  A snapping turtle (Shoals:1)
  2 water elementals
  A water moccasin (D:6)
  An orc warrior (D:8)
  An ogre (D:7)
  A wyvern skeleton (D:6)
  A killer bee (D:6)
  3 wights (D:8)
  An orc wizard (D:6)
  A gnoll (D:6)
  3 orcs
24 creatures vanquished.

Vanquished Creatures (others)
  A sea snake (Shoals:2)
  An ogre (D:7)
  An orc wizard (D:8)
  2 bushes (Lair:1)
  2 fungi (Lair:2)
  22 plants
29 creatures vanquished.

Grand Total: 338 creatures vanquished

Notes
Turn   | Place    | Note
-------+----------+-------------------------------------------
     0 | D:1      | Amythir the Hill Orc Berserker began the quest for the Orb.
     0 | D:1      | Reached XP level 1. HP: 19/19 MP: 1/1
   168 | D:1      | Found a faded altar of an unknown god.
   194 | D:1      | Reached XP level 2. HP: 22/27 MP: 2/2
   674 | D:1      | Reached XP level 3. HP: 33/33 MP: 3/3
  1261 | D:2      | Reached skill level 5 in Axes
  1369 | D:2      | Reached XP level 4. HP: 39/40 MP: 4/4
  2278 | D:3      | Reached XP level 5. HP: 35/47 MP: 5/5
  2638 | D:3      | Reached ** piety under Trog
  2642 | D:3      | Found a runed translucent gate.
  2642 | D:3      | Found a runed translucent gate.
  2643 | D:3      | Found a runed translucent gate.
  2645 | D:3      | Noticed croobank's ghost (amateur OpEE)
  2645 | D:3      | Noticed Ijyb
  2646 | D:3      | Noticed Robin
  2650 | D:3      | Killed Ijyb
  2658 | D:3      | Reached skill level 1 in Slings
  2660 | D:3      | Killed Robin
  2666 | D:3      | Reached skill level 1 in Maces & Flails
  2988 | D:3      | Reached skill level 5 in Fighting
  3163 | D:3      | Reached XP level 6. HP: 56/56 MP: 6/6
  3342 | D:3      | Found a runed translucent door.
  3343 | D:3      | Noticed Crazy Yiuf
  3479 | D:3      | Killed croobank's ghost
  3480 | D:3      | Reached skill level 1 in Shields
  3708 | D:3      | Killed Crazy Yiuf
  3709 | D:3      | Reached XP level 7. HP: 62/62 MP: 7/7
  4173 | D:4      | Reached *** piety under Trog
  5117 | D:5      | Entered Level 5 of the Dungeon
  5179 | D:5      | Reached XP level 8. HP: 51/71 MP: 8/8
  5822 | D:5      | Noticed a wyvern
  5827 | D:5      | Killed a wyvern
  5828 | D:5      | Reached skill level 1 in Throwing
  5828 | D:5      | Reached skill level 5 in Armour
  6171 | D:6      | Found a staircase to the Ecumenical Temple.
  6272 | D:6      | You fall into a shaft and drop 1 floor!
  6359 | D:7      | Reached skill level 5 in Maces & Flails
  6683 | D:7      | Reached XP level 9. HP: 80/80 MP: 9/9
  6692 | D:7      | Reached **** piety under Trog
  6745 | D:7      | Found Erexif's Magic Scroll Shoppe.
  6801 | D:7      | Found Ruzoq's Distillery.
  6808 | D:7      | Bought 2 potions of heal wounds for 130 gold pieces
  6808 | D:7      | Bought a potion of heal wounds for 65 gold pieces
  6835 | D:7      | Identified the +8 giant club "Fog Miob" {protect, +Blink
                  | rF+ rC+ MP+9}
  6841 | D:7      | Noticed Adrian566's ghost (novice TrFi)
  6928 | D:7      | Found Gianaod's Assorted Antiques.
  7064 | D:7      | Found Isimpedd's Distillery.
  7079 | D:7      | Found Lejyzete's Weapon Boutique.
  7137 | D:7      | Found a transporter.
  7206 | D:7      | Noticed a hornet
  7214 | D:7      | Killed a hornet
  7911 | D:6      | Identified the +3 ring mail of Objectivity {rElec Str-2
                  | Int+6}
  7911 | D:6      | Identified the +1 kite shield of Bitterness {Dex+6 Stlth+}
  7971 | D:6      | Found a transporter.
  7972 | D:6      | Found a transporter.
  8364 | D:6      | Noticed Urgle's ghost (novice GnFi)
  8487 | D:6      | Killed Urgle's ghost
  8488 | D:6      | Reached XP level 10. HP: 59/91 MP: 10/10
  8774 | D:7      | Found a transporter.
  8791 | D:7      | Reached skill level 1 in Polearms
  8795 | D:7      | Killed Adrian566's ghost
  8796 | D:7      | Reached skill level 3 in Polearms
  9039 | D:8      | Noticed Psyche
  9052 | D:8      | Killed Psyche
  9053 | D:8      | Reached skill level 4 in Polearms
  9405 | D:8      | Reached skill level 5 in Polearms
  9563 | D:8      | Noticed Joseph
  9579 | D:8      | Killed Joseph
  9580 | D:8      | Reached skill level 6 in Polearms
  9755 | D:8      | Reached skill level 7 in Polearms
 10421 | D:8      | Noticed a two-headed ogre
 10440 | D:8      | Killed a two-headed ogre
 10441 | D:8      | Reached skill level 8 in Polearms
 10441 | D:8      | Reached XP level 11. HP: 43/97 MP: 11/11
 10861 | D:9      | Reached skill level 9 in Polearms
 10984 | D:9      | Found a staircase to the Lair.
 11008 | D:9      | Found an iron altar of Okawaru.
 11058 | D:9      | Noticed a two-headed ogre
 11064 | D:9      | Killed a two-headed ogre
 11143 | D:9      | Reached skill level 10 in Polearms
 11455 | D:9      | Found Uhejuo's Book Shoppe.
 11965 | Lair:1   | Entered Level 1 of the Lair of Beasts
 12022 | Lair:1   | Reached skill level 11 in Polearms
 12054 | Lair:1   | Noticed a five-headed hydra
 12103 | Lair:1   | Killed a five-headed hydra
 12137 | Lair:1   | Noticed Erica
 12150 | Lair:1   | Killed Erica
 12182 | Lair:1   | Noticed a four-headed hydra
 12188 | Lair:1   | Killed a four-headed hydra
 12189 | Lair:1   | Reached skill level 5 in Shields
 12189 | Lair:1   | Noticed Nergalle
 12192 | Lair:1   | Killed Nergalle
 12421 | Lair:1   | Reached skill level 12 in Polearms
 12523 | Lair:1   | Reached XP level 12. HP: 106/106 MP: 12/12
 12523 | Lair:1   | Identified the +0 ring mail "Agroifee" {Contam rPois Str+6}
 12690 | Lair:1   | Reached skill level 10 in Fighting
 13099 | Lair:2   | Found a staircase to the Shoals.
 13354 | Lair:2   | Noticed a six-headed hydra
 13367 | Lair:2   | Killed a six-headed hydra
 13632 | Lair:2   | Reached skill level 13 in Polearms
 14160 | Shoals:1 | Entered Level 1 of the Shoals
 14256 | Shoals:1 | Reached skill level 10 in Shields
 14259 | Shoals:1 | Reached XP level 13. HP: 95/117 MP: 13/13
 14494 | Shoals:1 | Reached skill level 10 in Armour
 15516 | Shoals:2 | Noticed a merfolk javelineer
 15524 | Shoals:2 | Killed a merfolk javelineer
 15594 | Shoals:2 | Noticed Aizul
 15786 | Shoals:1 | Killed Aizul
 15949 | Shoals:2 | Reached skill level 14 in Polearms
 16359 | Shoals:2 | HP: 2/178 [snapping turtle (11)]
 16359 | Shoals:2 | Slain by a snapping turtle

Illustrated notes

Levels and vault maps discovered:
D:1:      minmay_arrival_shoal_huts, layout_basic,
          ebering_ecumenical_altar_abandoned
D:2:      layout_basic, minmay_misc_feat_pillars
D:3:      layout_loops_ring, portal_sewer_entry_c, gammafunk_ghost_necromancy,
          grunt_ministairs_14, chequers_serial_rivers_small_a,
          uniq_crazy_yiuf_cottage, uniq_ijyb, uniq_robin
D:4:      layout_rooms, minmay_statues_item, guppyfry_early_orc_mine
D:5:      layout_gridville
D:6:      layout_rooms, minmay_temple_entry_statues_pillars,
          gammafunk_ghost_gnarly_gnolls
D:7:      layout_gridville, gammafunk_ghost_smash, serial_shops, shop,
          kennysheep_mini, nicolae_take_the_stairs, nicolae_shop_crystal,
          kennysheep_little_box
D:8:      layout_gridville, uniq_joseph, uniq_psyche
D:9:      layout_layer_cave, mainiacjoe_overflow_six_doors_small,
          dpeg_oklobed_lair, serial_shops, shop
Lair:1:   layout_loops_ring, minmay_hedge_maze, st_stairs_8, lemuel_fruit_tree,
          infiniplex_staircase_pool_2, uniq_erica, uniq_nergalle
Lair:2:   layout_layer_cave, minmay_shoals_entry_beasts
Shoals:1: layout_shoals, nicolae_shoals_secluded_bog
Shoals:2: layout_shoals, uniq_aizul, uniq_ilsuiw

Skill      XL: |  1  2  3  4  5  6  7  8  9 10 11 12 13 |
---------------+----------------------------------------+-----
Fighting       | 4 5 6 7 9 11 12 | 12.9
Dodging        | 2 |  2.3
Axes           | 5 |  5.3
Armour         | 3 4 5 7 8 9 11 | 11.2
Slings         | 1 |  1.1
Maces & Flails | 1 2 3 6 8 |  8.6
Shields        | 2 3 4 6 10 12 | 12.7
Throwing       | 2 4 |  4.2
Polearms       | 8 12 13 14 | 14.2

Action                   |  1- 3 |  4- 6 |  7- 9 | 10-12 | 13-15 || total
-------------------------+-------+-------+-------+-------+-------++-------
Melee: Hand axe          |    81 |    25 |       |       |       ||   106
       Flail             |       |   108 |   238 |    38 |       ||   384
       Spear             |       |       |       |   640 |   247 ||   887
 Fire: Hunting sling     |       |       |       |     3 |    19 ||    22
Throw: Javelin           |       |       |     4 |       |       ||     4
       Dart              |       |       |     5 |     3 |     4 ||    12
Invok: Berserk           |       |     5 |     2 |     1 |     5 ||    13
       Trog's Hand       |       |     1 |     1 |     1 |     2 ||     5
       Brothers in Arms  |       |       |     1 |     7 |     1 ||     9
Evoke: Wand              |       |     1 |    21 |    16 |    14 ||    52
  Use: Scroll            |     3 |     4 |    11 |     3 |    10 ||    31
       Potion            |       |       |     6 |     5 |    12 ||    23
 Stab: Distracted        |       |       |     1 |     2 |       ||     3
       Paralysed         |       |       |       |    11 |       ||    11
       Sleeping          |       |       |       |     4 |       ||     4
Armor: Ring mail         |    28 |    67 |    26 |       |       ||   121
       Leather armour    |     1 |       |       |       |       ||     1
       Chain mail        |       |       |    74 |       |       ||    74
       Shadow dragon sca |       |       |    68 |   256 |    92 ||   416
       Skin              |       |       |       |       |    40 ||    40
Dodge: Dodged            |    43 |    84 |   144 |   149 |    64 ||   484
Block: Buckler           |       |     8 |    62 |    92 |    72 ||   234

Table legend: (Time is in decaauts)
 A = Elapsed time spent in this place.
 B = Non-inter-level travel time spent in this place.
 C = Inter-level travel time spent in this place.
 D = Time resting spent in this place.
 E = Time spent auto-exploring this place.
 F = Levels seen in this place.
 G = Mean time per level.
                   A        B        C        D        E       F      G
               +--------+--------+--------+--------+--------+-----+--------+
         Total |  16227 |  13905 |   2322 |   4400 |   6957 |  13 | 1248.2 |
       Dungeon |  12033 |  10316 |   1717 |   3297 |   5294 |   9 | 1337.0 |
          Lair |   1995 |   1688 |    307 |     56 |   1189 |   2 |  997.5 |
        Shoals |   2199 |   1901 |    298 |   1046 |    473 |   2 | 1099.5 |
               +--------+--------+--------+--------+--------+-----+--------+

Top non-repeatable levels by time:
     D:3: 1815 daAuts
     D:8: 1802 daAuts
     D:7: 1722 daAuts
Shoals:1: 1693 daAuts
     D:2: 1372 daAuts
     D:6: 1123 daAuts
  Lair:2: 1107 daAuts
     D:9: 1092 daAuts
     D:5: 1087 daAuts
     D:4: 1013 daAuts
     D:1: 1004 daAuts
  Lair:1: 888 daAuts
Shoals:2: 505 daAuts
